 Dungeon Crawl Stone Soup version 0.21.1-1-g345015f (webtiles) character file.

137 Merlin the Cudgeler (level 5, 0/42 HPs)
             Began as a Demonspawn Chaos Knight on June 26, 2018.
             Slain by a scorpion (5 damage)
             ... on level 4 of the Dungeon.
             The game lasted 00:12:27 (2120 turns).

Merlin the Cudgeler (Demonspawn Chaos Knight)       Turns: 2120, Time: 00:12:29

Health: 0/42       AC:  8    Str: 12    XL:     5   Next: 0%
Magic:  5/5        EV: 12    Int: 14    God:    Xom [.*....]
Gold:   115        SH:  0    Dex: 15    Spells: 4/4 levels left

rFire    . . .     SeeInvis .   a - +0 mace (chaos)
rCold    . . .     Gourm    .   (no shield)
rNeg     . . .     Faith    +   b - +2 leather armour
rPois    +         Spirit   .   l - +0 helmet
rElec    .         Reflect  .   (no cloak)
rCorr    .         Harm     .   (no gloves)
MR       .....                  g - +1 pair of boots
Stlth    ++........             k - amulet of faith
HPRegen  0.14/turn              f - ring of flight
MPRegen  0.09/turn              n - ring of poison resistance

@: weakened
A: thin skeletal structure 1, demonic guardian 1
a: Renounce Religion, Evoke Flight


You were on level 4 of the Dungeon.
You worshipped Xom.
You were a plaything of Xom.
You were not hungry.

You visited 1 branch of the dungeon, and saw 4 of its levels.

You collected 115 gold pieces.

Inventory:

Hand Weapons
 a - a +0 mace of chaos (weapon)
Missiles
 e - a throwing net (quivered)
Armour
 b - a +2 leather armour (worn)
 g - a +1 pair of boots (worn)
 l - a +0 helmet (worn)
Jewellery
 f - a ring of flight (left hand)
 k - an amulet of faith (around neck)
 n - a ring of poison resistance (right hand)
Scrolls
 i - a scroll of remove curse
 m - a scroll of fog {unknown}
 o - a scroll of blinking {unknown}
 q - a scroll of enchant armour
 v - a scroll of identify {unknown}
 w - a scroll of magic mapping {unknown}
Potions
 d - a potion of might
 j - a potion of invisibility {unknown}
 r - 2 potions of cancellation {unknown}
 s - a potion of heal wounds {unknown}
 u - a potion of agility {unknown}
Comestibles
 c - 4 rations


   Skills:
 + Level 3.7 Fighting
 + Level 3.9 Maces & Flails
 + Level 2.6 Armour
 + Level 1.8 Dodging


You had 4 spell levels left.
You didn't know any spells.

Dungeon Overview and Level Annotations

Branches:
Dungeon (4/15)
 Temple: D:4-7

Altars:


Innate Abilities, Weirdness & Mutations

You have a somewhat thin skeletal structure. (Dex +2, Stealth)
A weak demonic guardian rushes to your aid.


Message History

The iron imp shouts!
Your quasit bites the iron imp but does no damage.
Your quasit claws the iron imp but does no damage. x2
Your iron imp misses the crimson imp.
The crimson imp hits you but does no damage.
Something stings you but does no damage.
Your quasit closely misses the iron imp.
Your quasit barely misses the iron imp. x2; Your iron imp hits the iron imp.
An iron imp comes into view.
As you read the scroll labeled JEPNUKK PAANYE, it crumbles to dust.
It is a scroll of amnesia.
You feel forgetful for a moment.
The iron imp hits your iron imp but does no damage.
Your quasit bites the iron imp but does no damage.
Your quasit claws the iron imp but does no damage.
Your quasit claws the iron imp.
The crimson imp hits you but does no damage.
Something stings you.
You die... "What!?
That's it?"

#.≈§...... ###..≈≈55...
##.#...≈≈≈.≈§
#..#....§§8≈≈§
#.##!.....§.$.
##.##..........
#..##55........
##.###.@........ ##..#
#5.{.......
#..#####5#?.#....
###.##.....5......[
..#####......######......
..........#####. ......
................ .....
..######.####### .....
#......# ..


You could see 3 iron imps, a crimson imp, 2 friendly iron imps and a friendly
quasit.

Vanquished Creatures
  An orc priest (D:3)
  A worker ant (D:4)
  2 adders
  3 dart slugs (D:3)
  A leopard gecko (D:1)
  5 orcs (D:3)
  A ball python (D:1)
  3 giant cockroaches
  4 goblins
  8 hobgoblins
  2 jackals (D:1)
  6 kobolds
  2 quokkas (D:3)
  4 bats
  2 frilled lizards (D:1)
  4 rats
49 creatures vanquished.

Vanquished Creatures (collateral kills)
  An orc (D:3)
  A kobold (D:1)
2 creatures vanquished.

Grand Total: 51 creatures vanquished

Notes
Turn   | Place    | Note
-------+----------+-------------------------------------------
     0 | D:1      | Merlin the Demonspawn Chaos Knight began the quest for the Orb.
     0 | D:1      | Reached XP level 1. HP: 18/18 MP: 1/1
    19 | D:1      | XOM: divination: detect items
   137 | D:1      | Reached skill level 1 in Dodging
   141 | D:1      | Gained mutation: A weak demonic guardian rushes to your aid. [demonic ancestry]
   141 | D:1      | Reached XP level 2. HP: 23/24 MP: 2/2
   371 | D:1      | XOM: divination: magic mapping
   586 | D:1      | XOM: divination: detect creatures
   726 | D:2      | Reached XP level 3. HP: 21/29 MP: 3/3
   772 | D:2      | XOM: divination: detect items
  1607 | D:3      | XOM: god gift: purple potion {god gift}
  1707 | D:3      | XOM: divination: magic mapping
  1765 | D:3      | Gained mutation: You have a somewhat thin skeletal structure. (Dex +2, Stealth) [demonic ancestry]
  1765 | D:3      | Reached XP level 4. HP: 29/35 MP: 4/4
  2066 | D:4      | Reached XP level 5. HP: 36/42 MP: 5/5
  2096 | D:4      | XOM: summons 2 hostile demons
  2117 | D:4      | XOM: medium Tmut miscast
  2120 | D:4      | Slain by a scorpion

Skill      XL: |  1 |
---------------+----+-----
Armour         | 2 |  2.6
Dodging        | 1 |  1.8
Maces & Flails | 3 |  3.9
Fighting       | |  3.7

Action                   |  1- 3 |  4- 6 || total
-------------------------+-------+-------++-------
Melee: Mace              |   125 |    48 ||   173
  Use: Potion            |     3 |     1 ||     4
       Scroll            |     1 |     5 ||     6
 Stab: Sleeping          |     1 |       ||     1
  Eat: Ration            |     1 |       ||     1
       Chunk             |       |     1 ||     1
Armor: Leather armour    |    69 |    19 ||    88
Dodge: Dodged            |    94 |    47 ||   141
